 Dungeon Crawl Stone Soup version 0.27-a0-1046-g98bf31544f (webtiles) character file.

Game seed: 7719987134560394538

5128 tsouns the Magus (level 10, -6/63 HPs)
             Began as a Demonspawn Ice Elementalist on Apr 19, 2021.
             Was an Elder of Nemelex Xobeh.
             Incinerated by a deep elf pyromancer (8 damage)
             ... with a sticky flame
             ... on level 8 of the Dungeon.
             The game lasted 00:22:05 (9386 turns).

tsouns the Magus (Demonspawn Ice Elementalist)      Turns: 9386, Time: 00:22:06

Health: -6/63      AC:  8    Str:  9    XL:     10   Next: 33%
Magic:  17/22      EV: 12    Int: 19    God:    Nemelex Xobeh [****..]
Gold:   465        SH:  0    Dex: 14    Spells: 5/25 levels left

rFire    . . .     SeeInvis .   b - +0 spear
rCold    . . .     Faith    .   (no shield)
rNeg     . . .     Spirit   .   a - +0 robe
rPois    .         Reflect  .   G - +2 hat {Will+}
rElec    .         Harm     .   o - +0 cloak
rCorr    .         Rampage  .   u - +1 pair of gloves
Will     +....                  (no boots)
Stlth    +.........             (no amulet)
HPRegen  0.20/turn              (no ring)
MPRegen  0.18/turn              (no ring)

@: on fire, glowing
A: hooves 1, icemail 1, sharp scales 1, condensation shield, demonic magic 1
a: Renounce Religion, Draw Escape, Draw Destruction, Draw Summoning, Triple
Draw, Deal Four


You were on level 8 of the Dungeon.
You worshipped Nemelex Xobeh.
Nemelex Xobeh was greatly pleased with you.
You visited 1 branch of the dungeon, and saw 8 of its levels.

You collected 465 gold pieces.

Inventory:

Hand Weapons
 b - a +0 spear (weapon)
 y - a +4 hand axe of electrocution
Missiles
 f - 8 javelins
Armour
 a - a +0 robe (worn)
 e - the +1 hat of the Eleven Souls {+Blink}
   (You acquired it on level 6 of the Dungeon)

   It lets you blink.
 o - a +0 cloak (worn)
 u - a +1 pair of gloves (worn)
 B - a +1 leather armour of poison resistance
 G - a +2 hat of willpower (worn)
Jewellery
 s - an amulet of regeneration
 t - a ring of ice
Wands
 m - a wand of polymorph (9)
 x - a wand of iceblast (7)
 C - a wand of flame (18)
 E - a wand of digging (6)
Scrolls
 c - 4 scrolls of teleportation
 d - a scroll of holy word
 j - a scroll of identify
 k - a scroll of enchant weapon
 p - 3 scrolls of blinking
 q - a scroll of amnesia
 r - a scroll of fear
 v - a scroll of silence {unknown}
Potions
 g - a potion of magic
 h - 3 potions of curing
 i - a potion of lignification
 l - a potion of haste
 n - 3 potions of attraction
 w - 2 potions of brilliance
 z - a potion of flight
 A - a potion of might
 D - a potion of mutation
 F - a potion of degeneration {unknown}


   Skills:
 - Level 1.7 Dodging
 - Level 1.7 Stealth
 + Level 8.0 Spellcasting
 + Level 2.4 Conjurations
 + Level 2.4 Hexes
 + Level 2.1 Fire Magic
 + Level 8.7 Ice Magic
 + Level 10.6 Invocations


You had 5 spell levels left.
You knew the following spells:

 Your Spells              Type           Power      Damage    Failure   Level
a - Freeze                Ice            100%       1d11      1%          1
b - Frozen Ramparts       Ice            80%        1d10      1%          3
c - Ozocubu's Armour      Ice            40%        N/A       1%          3
d - Hailstorm             Conj/Ice       28%        3d8       9%          4
e - Sticky Flame          Conj/Fire      16%        2d4       34%         4
f - Metabolic Englaciati  Hex/Ice        14%        N/A       26%         5

Your spell library contained the following spells:

 Spells                   Type           Power      Damage    Failure   Level
 Foxfire                  Conj/Fire      64%        2x1d7     3%          1
 Conjure Flame            Conj/Fire      16%        6-21      11%         3
 Inner Flame              Hex/Fire       16%        N/A       11%         3
 Fireball                 Conj/Fire      8%         3d6       69%         5


Dungeon Overview and Level Annotations

Branches:
Dungeon (8/15)             Temple (0/1) D:4
   Lair: D:8-11

Altars:
Ashenzari
Cheibriados
Nemelex Xobeh
Ru
Vehumet
Wu Jian
Yredelemnul

Shops:
D:3 [


Innate Abilities, Weirdness & Mutations

You have large cloven feet.
A meltable icy envelope protects you from harm. (AC +0)
You are partially covered in razor-sharp scales. (AC +1, Slay +1)
A meltable shield of frost defends you. (SH +0)
Spells you cast may paralyse adjacent enemies.


Message History

You start putting on your amulet.
You continue putting on your amulet of regeneration.
The fire elemental is frozen!
The wall freezes the fire elemental.
The shadow imp completely resists.
The wall freezes the shadow imp but does no damage.
The shadow imp hits you but does no damage.
Keep equipping yourself?
The cyclops is engulfed in blazing flames.
The fire elemental is frozen!
The wall freezes the fire elemental.
You continue putting on your amulet of regeneration.
The shadow imp completely resists.
The wall freezes the shadow imp but does no damage.
You block the shadow imp's attack.
The fire elemental is frozen!
The wall freezes the fire elemental!
You destroy the fire elemental!
The wall freezes the cyclops!
The deep elf pyromancer gestures wildly while chanting.
The deep elf pyromancer blinks!
You continue putting on your amulet of regeneration.
The frozen ramparts melt away.
The shadow imp hits you but does no damage.
The deep elf pyromancer casts a spell at you.
The sticky flame hits you but does no damage.
Your icy defenses dissipate!
You are covered in liquid flames!
The heat melts your icy armour.
You continue putting on your amulet of regeneration.
You are covered in liquid flames!
The shadow imp barely misses you.
The deep elf pyromancer points at you and mumbles some strange words.
The bolt of fire hits you!!!
Your icy armour melts away.
Ouch! That really hurt!
* * * LOW HITPOINT WARNING * * *
You hear a horrible gurgling sound!
The heat melts your icy armour.
You continue putting on your amulet of regeneration.
You are covered in liquid flames!
You die...
Your body glows with a rainbow of weird colours and disappears.

###...........#..#
..............#..#
..........##..#..#
#######'#####.#..#
#######.#####.#..#
#...####.#..# #
####.#####.#).#
#○##E##e##)##.##.#..#
#○E°C5@.....).##.#..#
#$##.##.##.##.##....#
# ####.##.##.#.##
#...####...#
########.#.#
#######..#.#
######...#.#
#####..#.#.# #
#..##.#.#


You could see a cyclops, a deep elf pyromancer, 2 fire elementals and a shadow
imp.

Vanquished Creatures
  Gastronok (D:8)
  A two-headed ogre (D:5)
  A wyvern (D:7)
  2 water moccasins
  A necrophage (D:7)
  3 orc warriors
  3 black bears
  A sky beast (D:5)
  An ogre (D:5)
  A centaur (D:7)
  A phantom (D:7)
  2 kobold brigands
  A wyvern skeleton (D:7)
  6 killer bees
  4 wights
  3 howler monkeys
  A centaur skeleton (D:7)
  5 hounds
  2 orc priests
  A centaur zombie (D:7)
  A jelly (D:4)
  Crazy Yiuf (D:3)
  3 iguanas
  Ijyb (D:4)
  9 orc wizards
  A hound skeleton (D:4)
  5 gnolls
  8 adders
  2 shadow imps (D:6)
  A worm (D:2)
  A dart slug (D:3)
  20 orcs
  8 ball pythons
  4 bats
  11 endoplasms
  4 giant cockroaches
  4 goblins (D:2)
  7 hobgoblins
  3 jackals (D:3)
  10 kobolds
  4 quokkas
  A frilled lizard (D:2)
  5 rats
155 creatures vanquished.

Vanquished Creatures (collateral kills)
  2 water moccasin zombies (D:5)
  A bullfrog zombie (D:5)
  A bullfrog skeleton (D:4)
  A hound zombie (D:5)
  A white imp (D:4)
  An adder zombie (D:5)
7 creatures vanquished.

Grand Total: 162 creatures vanquished

Notes
Turn   | Place    | Note
-------+----------+-------------------------------------------
     0 | D:1      | tsouns the Demonspawn Ice Elementalist began the quest for
                  | the Orb.
     0 | D:1      | Reached XP level 1. HP: 13/13 MP: 3/3
   363 | D:1      | Gained mutation: A meltable shield of frost defends you.
                  | (SH +0) [demonic ancestry]
   363 | D:1      | Reached XP level 2. HP: 19/19 MP: 3/5
   443 | D:1      | Found a faded altar of an unknown god.
   474 | D:1      | Became a worshipper of Nemelex Xobeh the Trickster
   474 | D:1      | Reached * piety under Nemelex Xobeh
   474 | D:1      | Received a gift from Nemelex Xobeh
   914 | D:1      | Reached skill level 1 in Invocations
   914 | D:1      | Reached XP level 3. HP: 21/24 MP: 4/7
  1196 | D:2      | Learned a level 3 spell: Frozen Ramparts
  1506 | D:2      | Reached skill level 2 in Invocations
  1506 | D:2      | Reached XP level 4. HP: 30/30 MP: 4/8
  2329 | D:3      | Found a runed translucent door.
  2330 | D:3      | Noticed Crazy Yiuf
  2339 | D:3      | Killed Crazy Yiuf
  2340 | D:3      | Reached skill level 3 in Invocations
  2340 | D:3      | Reached XP level 5. HP: 25/35 MP: 0/10
  2456 | D:3      | Received a gift from Nemelex Xobeh
  2689 | D:3      | Reached ** piety under Nemelex Xobeh
  2971 | D:3      | Found Cufuoq's Antique Armour Emporium.
  3083 | D:3      | Found an ornate altar of the Wu Jian Council.
  4022 | D:4      | Reached skill level 4 in Invocations
  4022 | D:4      | Gained mutation: A meltable icy envelope protects you from
                  | harm. (AC +0) [demonic ancestry]
  4022 | D:4      | Reached XP level 6. HP: 34/41 MP: 1/11
  4147 | D:4      | Noticed Ijyb
  4156 | D:4      | Killed Ijyb
  4157 | D:4      | Reached skill level 5 in Ice Magic
  4301 | D:4      | Found a sacrificial altar of Ru.
  4304 | D:4      | Found a radiant altar of Vehumet.
  4307 | D:4      | Found a broken altar of Ashenzari.
  4310 | D:4      | Found a snail-covered altar of Cheibriados.
  4416 | D:4      | Received a gift from Nemelex Xobeh
  4509 | D:4      | Reached *** piety under Nemelex Xobeh
  4606 | D:4      | Found a staircase to the Ecumenical Temple.
  4820 | D:5      | Entered Level 5 of the Dungeon
  4874 | D:5      | Found a basalt altar of Yredelemnul.
  4914 | D:5      | Noticed a two-headed ogre
  4921 | D:5      | Noticed a sky beast
  4935 | D:5      | Reached skill level 5 in Invocations
  4935 | D:5      | Gained mutation: You are partially covered in razor-sharp
                  | scales. (AC +1, Slay +1) [demonic ancestry]
  4935 | D:5      | Reached XP level 7. HP: 18/46 MP: 5/13
  4939 | D:5      | Killed a two-headed ogre
  4940 | D:5      | Reached skill level 5 in Spellcasting
  4940 | D:5      | Reached skill level 7 in Invocations
  4940 | D:5      | Reached XP level 8. HP: 15/52 MP: 1/16
  5940 | D:6      | Received a gift from Nemelex Xobeh
  6467 | D:6      | Reached skill level 8 in Invocations
  7397 | D:6      | Gained mutation: Spells you cast may paralyse adjacent
                  | enemies. [demonic ancestry]
  7397 | D:6      | Reached XP level 9. HP: 29/56 MP: 18/18
  7560 | D:6      | Identified a scroll of acquirement
  7560 | D:6      | Acquired the +1 hat of the Eleven Souls {+Blink}
  7975 | D:7      | Reached **** piety under Nemelex Xobeh
  8011 | D:7      | Reached skill level 9 in Invocations
  8490 | D:7      | Received a gift from Nemelex Xobeh
  8703 | D:7      | Reached skill level 10 in Invocations
  8722 | D:7      | Learned a level 3 spell: Ozocubu's Armour
  8727 | D:7      | Learned a level 4 spell: Hailstorm
  8732 | D:7      | Learned a level 4 spell: Sticky Flame
  8738 | D:7      | Learned a level 5 spell: Metabolic Englaciation
  8949 | D:8      | Noticed Gastronok
  8976 | D:8      | Killed Gastronok
  8977 | D:8      | Reached skill level 1 in Fire Magic
  8977 | D:8      | Gained mutation: You have large cloven feet. [demonic
                  | ancestry]
  8977 | D:8      | Reached XP level 10. HP: 22/63 MP: 15/22
  9373 | D:8      | Noticed a cyclops
  9375 | D:8      | Noticed a deep elf pyromancer
  9385 | D:8      | HP: 2/63 [deep elf pyromancer/bolt of fire (39)]
  9386 | D:8      | Incinerated by a deep elf pyromancer

Illustrated notes

Levels and vault maps discovered:
D:1:      minmay_arrival_glassed_features, layout_basic,
          hellmonk_ecumenical_altar_leap_of_faith
D:2:      layout_rooms
D:3:      layout_basic, lemuel_coloured_pillars_altar, serial_shops,
          shop_statue, chequers_serial_rivers_room_a, uniq_crazy_yiuf_cottage
D:4:      layout_gridville, grunt_temple_overflow_cloverleaf,
          minmay_temple_entry_enclosed_plants, uniq_ijyb
D:5:      layout_rooms, nicolae_yredelemnul_corpse_copse
D:6:      layout_basic, corexii_leaking_fountain
D:7:      layout_basic
D:8:      hangedman_cross_veins, layout_basic, uniq_gastronok, uniq_pikel

Skill      XL: |  1  2  3  4  5  6  7  8  9 10 |
---------------+-------------------------------+-----
Ice Magic      | 4 5 6 7 8 |  8.7
Invocations    | 1 2 3 4 5 7 8 10 | 10.6
Spellcasting   | 3 4 5 6 8 |  8.0
Conjurations   | 2 |  2.4
Hexes          | 2 |  2.4
Fire Magic     | 1 2 |  2.1
Dodging        | |  1.7
Stealth        | |  1.7

Action                   |  1- 3 |  4- 6 |  7- 9 | 10-12 || total
-------------------------+-------+-------+-------+-------++-------
Melee: Spear             |    42 |   136 |   150 |    14 ||   342
       Kick              |       |       |       |     6 ||     6
 Cast: Freeze            |    45 |    70 |    99 |    14 ||   228
       Frozen Ramparts   |       |     6 |    16 |     3 ||    25
       Hailstorm         |       |       |     3 |     1 ||     4
       Ozocubu's Armour  |       |       |     1 |     1 ||     2
Invok: Draw Summoning    |       |     3 |     2 |       ||     5
       Draw Destruction  |       |     1 |    15 |       ||    16
  Use: Potion            |       |       |     5 |       ||     5
       Scroll            |       |       |    14 |       ||    14
 Stab: Sleeping          |     4 |     9 |     1 |       ||    14
       Paralysed         |       |       |    10 |     6 ||    16
Armor: Robe              |    12 |    38 |    85 |     6 ||   141
Dodge: Dodged            |    36 |    86 |   128 |    11 ||   261
Block: Other             |     6 |    30 |    47 |     4 ||    87

Table legend: (Time is in decaauts)
 A = Elapsed time spent in this place.
 B = Non-inter-level travel time spent in this place.
 C = Inter-level travel time spent in this place.
 D = Time resting spent in this place.
 E = Time spent auto-exploring this place.
 F = Levels seen in this place.
 G = Mean time per level.
                   A        B        C        D        E       F      G
               +--------+--------+--------+--------+--------+-----+--------+
         Total |   9426 |   9169 |    257 |      0 |   7653 |   8 | 1178.2 |
       Dungeon |   9426 |   9169 |    257 |      0 |   7653 |   8 | 1178.2 |
               +--------+--------+--------+--------+--------+-----+--------+

Top non-repeatable levels by time:
     D:6: 1982 daAuts
     D:4: 1805 daAuts
     D:3: 1369 daAuts
     D:2: 1119 daAuts
     D:1: 1007 daAuts
     D:7: 998 daAuts
     D:5: 609 daAuts
     D:8: 534 daAuts
